 Dungeon Crawl Stone Soup version 0.28.0 (webtiles) character file.

Game seed: 8264312287861715215

1601 arthad the Skirmisher (level 8, -2/52 HPs)
             Began as a Gargoyle Fighter on Feb 13, 2022.
             Was a Believer of Ignis.
             Slain by a wight (6 damage)
             ... on level 7 of the Dungeon.
             The game lasted 00:15:52 (6133 turns).

arthad the Skirmisher (Gargoyle Fighter)            Turns: 6133, Time: 00:15:53

Health: -2/52      AC: 25    Str: 22    XL:     8   Next: 94%
Magic:  0/17       EV: 10    Int:  9    God:    Ignis [**....]
Gold:   80         SH:  5    Dex: 14    Spells: 7/7 levels left

rFire   + + .      SeeInvis .   z - +8 mace "Globulus" {venom, rPois Will+ rCorr Dex+5}
rCold   . . .      Faith    .   c - +0 buckler
rNeg    + . .      Spirit   +   b - +0 scale mail
rPois   ∞          Reflect  .   (no helmet)
rElec   +          Harm     .   y - +1 cloak
rCorr   +          Rampage  .   A - +2 pair of gloves
Will    +....                   (no boots)
Stlth   ..........              L - amulet of guardian spirit
HPRegen 0.17/turn               h - ring of protection from fire
MPRegen 0.15/turn               E - ring of magical power

@: fiery-armoured
A: sickness immunity, AC +5, negative energy resistance 1, electricity
resistance, torment resistance 1, petrification resistance
a: Renounce Religion, Fiery Armour, Foxfire Swarm, Rising Flame


You were on level 7 of the Dungeon.
You worshipped Ignis.
Ignis was pleased with you.
You visited 2 branches of the dungeon, and saw 8 of its levels.

You collected 382 gold pieces.
You spent 302 gold pieces at shops.

Inventory:

Hand Weapons
 a - a +0 flail
 k - a +1 hand axe of electrocution
 r - a +1 vampiric long sword
 x - a +3 quarterstaff of chaos
 z - the +8 mace "Globulus" (weapon) {venom, rPois Will+ rCorr Dex+5}
   (You found it on level 4 of the Dungeon)

   It poisons the flesh of those it strikes.
   Dex:       It affects your dexterity (+5).
   rPois:     It protects you from poison.
   rCorr:     It protects you from acid and corrosion.
   Will:      It increases your willpower.
 H - a +0 whip of electrocution
Missiles
 p - 15 poisoned darts (quivered)
Armour
 b - a +0 scale mail (worn)
 c - a +0 buckler (worn)
 j - the +2 robe "Pytout" {Harm Fly rN+}
   (You found it on level 2 of the Dungeon)

   rN:        It protects you from negative energy.
   Fly:       It grants you flight.
   Harm:      It increases damage dealt and taken.
 y - a +1 cloak (worn)
 A - a +2 pair of gloves (worn)
Jewellery
 h - a ring of protection from fire (left hand)
 v - a ring of see invisible
 E - a ring of magical power (right hand)
 L - an amulet of guardian spirit (around neck)
Wands
 I - a wand of flame (7)
Scrolls
 e - 6 scrolls of blinking {unknown}
 i - 3 scrolls of identify
 l - a scroll of torment {unknown}
 m - a scroll of enchant armour {unknown}
 n - 2 scrolls of vulnerability {unknown}
 q - a scroll of teleportation {unknown}
 B - 2 scrolls of fog {unknown}
 D - a scroll of brand weapon {unknown}
 F - a scroll of enchant weapon {unknown}
 K - a scroll of fear {unknown}
 M - a scroll of magic mapping
Potions
 d - a potion of might
 f - 3 potions of heal wounds
 g - a potion of degeneration {unknown}
 o - a potion of mutation {unknown}
 s - 2 potions of magic {unknown}
 t - a potion of attraction {unknown}
 u - a potion of invisibility {unknown}
 w - a potion of berserk rage {unknown}
 C - a potion of brilliance {unknown}
 G - 2 potions of curing {unknown}
 J - a potion of haste {unknown}


   Skills:
 * Level 6.7 Fighting
 - Level 2.8(4.1) Axes
 * Level 5.1(5.5) Maces & Flails
 * Level 6.0 Armour
 + Level 2.7 Dodging
 * Level 6.0 Shields


You had 7 spell levels left.
You didn't know any spells.
Your spell library contained the following spells:

 Spells                   Type           Power      Damage    Failure   Level
 Foxfire                  Conj/Fire      0%         2x1d4     77%         1
 Magic Dart               Conj           0%         1d3       77%         1
 Shock                    Conj/Air       0%         1d3       77%         1
 Call Imp                 Summ           0%         N/A       88%         2
 Conjure Flame            Conj/Fire      0%         6-21      98%         3
 Gell's Gravitas          Tloc           0%         N/A       98%         3
 Inner Flame              Hex/Fire       0%         N/A       98%         3
 Lesser Beckoning         Tloc           0%         N/A       98%         3
 Mephitic Cloud           Conj/Pois/Air  0%         N/A       98%         3
 Swiftness                Air            0%         N/A       98%         3
 Teleport Other           Tloc           0%         N/A       98%         3
 Airstrike                Air            0%         N/A       100%        4
 Flame Wave               Conj/Fire      0%         2d4       100%        4


Dungeon Overview and Level Annotations

Branches:
Dungeon (7/15)             Temple (1/1) D:5

Altars:
Ashenzari
Cheibriados
Dithmenos
Elyvilon
Fedhas
Gozag
Hepliaklqana
Kikubaaqudgha
Makhleb
Nemelex Xobeh
Okawaru
Qazlal
Ru
Sif Muna
Trog
Uskayaw
Vehumet
Wu Jian
Xom
Yredelemnul
Zin
The Shining One
Ignis

Shops:
D:1 *   D:6 ?

Annotations:
D:4 3 runed translucent doors, js333's ghost, novice DECj


Innate Abilities, Weirdness & Mutations

You are immune to sickness and miasma.
Your stone body is resilient. (AC +5)
You are immune to poison.
You resist negative energy. (rN+)
You are resistant to electric shocks. (rElec)
You are resistant to unholy torment.
You are immune to petrification.


Message History

The wight is burned by your cloak of flames.
The wight is heavily damaged.
The wight hits you with a +0 short sword!
* * * LOW HITPOINT WARNING * * *
The wight is burned by your cloak of flames.
The wight is almost destroyed.
Unknown command.
Activating: Foxfire Swarm
Press: ? - help, Dir - look around, f - activate Flames leap up around you!
The wight hits you with a +2 great sword!
* * * LOW HITPOINT WARNING * * *
The wight closely misses you.
The wight hits you but does no damage. x2
Unknown command.
Unknown command.
Unknown command.
You sock the wight!
You destroy the wight!
The foxfire hits the wight.
You destroy the wight!
The foxfire hits the wight but does no damage.
The wight is heavily damaged.
The foxfire hits the wight but does no damage.
The wight is heavily damaged.
The foxfire hits the wight but does no damage.
The wight is heavily damaged.
The foxfire hits the wight but does no damage.
The wight is heavily damaged.
The foxfire hits the wight.
The wight is almost destroyed.
The foxfire hits the wight but does no damage.
The wight is almost destroyed.
The foxfire hits the wight but does no damage.
The wight is heavily damaged.
The foxfire hits the wight but does no damage.
The wight is almost destroyed.
The foxfire hits the wight but does no damage.
The wight is heavily damaged.
The wight hits you with a +2 great sword!
You die...

###############
..............#
..........<...#
......<.......#
##(.##.##..###
###..##.########
...?..zz.§......
......)@)§....$.
##..###§§##+####
#. #§§# .. ...#
. ....+ #####


You could see 2 wights.

Vanquished Creatures
  A hornet (D:5)
  Eustachio (D:4)
  Menkaure (D:5)
  A water moccasin (D:6)
  A sky beast (D:6)
  A necrophage (D:4)
  2 ogres
  A scorpion (D:4)
  A wyvern skeleton (D:6)
  3 wights (D:7)
  A howler monkey (D:4)
  2 electric eels (D:6)
  3 hounds
  A jelly (D:5)
  A centaur skeleton (D:6)
  2 orc priests
  Crazy Yiuf (D:4)
  An iguana (D:5)
  An orc wizard (D:6)
  A howler monkey zombie (D:5)
  6 adders
  An ufetubus (D:6)
  An adder skeleton (D:4)
  A dart slug (D:4)
  11 orcs
  5 ball pythons
  5 endoplasms
  3 giant cockroaches (D:1)
  10 goblins
  7 hobgoblins
  2 jackals (D:1)
  7 kobolds
  A quokka (D:3)
  8 bats
  2 frilled lizards (D:1)
  4 rats
101 creatures vanquished.

Vanquished Creatures (others)
  19 foxfires (D:7)
  17 plants (D:6)
36 creatures vanquished.

Grand Total: 137 creatures vanquished

Notes
Turn   | Place    | Note
-------+----------+-------------------------------------------
     0 | D:1      | arthad the Gargoyle Fighter began the quest for the Orb.
     0 | D:1      | Reached XP level 1. HP: 14/14 MP: 1/1
    60 | D:1      | Reached XP level 2. HP: 15/19 MP: 2/2
   136 | D:1      | Found a faded altar of an unknown god.
   158 | D:1      | Prayed at the altar of an unknown god.
   158 | D:1      | Became a worshipper of Ignis, the Dying Flame
   503 | D:1      | Reached XP level 3. HP: 24/24 MP: 3/3
   546 | D:1      | Found Kohea's Assorted Antiques.
   555 | D:1      | Bought a scroll labelled KUVIN YJEGI for 27 gold pieces
   856 | D:2      | Identified the +2 robe "Pytout" {Harm Fly rN+}
  1523 | D:1      | Bought a metallic cyan potion for 24 gold pieces
  1701 | D:3      | Reached XP level 4. HP: 29/29 MP: 4/4
  2181 | D:4      | Noticed a scorpion
  2196 | D:4      | Killed a scorpion
  2197 | D:4      | Reached skill level 1 in Axes
  2197 | D:4      | Reached XP level 5. HP: 21/34 MP: 5/5
  2330 | D:4      | Reached skill level 1 in Dodging
  2393 | D:4      | Noticed an ogre
  2397 | D:4      | Killed an ogre
  2398 | D:4      | Reached XP level 6. HP: 35/39 MP: 6/6
  2466 | D:4      | Noticed a necrophage
  2470 | D:4      | Killed a necrophage
  2619 | D:4      | Found a runed translucent gate.
  2619 | D:4      | Found a runed translucent gate.
  2619 | D:4      | Found a runed translucent gate.
  2620 | D:4      | Noticed an ice beast
  2623 | D:4      | Noticed js333's ghost (novice DECj)
  2768 | D:4      | Found a shimmering altar of Xom.
  2808 | D:4      | Reached skill level 5 in Fighting
  2841 | D:4      | Noticed Eustachio
  2865 | D:4      | Killed Eustachio
  2866 | D:4      | Reached XP level 7. HP: 27/44 MP: 7/7
  3155 | D:4      | Found a runed translucent door.
  3156 | D:4      | Noticed Crazy Yiuf
  3328 | D:4      | Killed Crazy Yiuf
  3338 | D:4      | Identified the +8 mace "Globulus" {venom, rPois Will+ rCorr
                  | Dex+5}
  3411 | D:5      | Entered Level 5 of the Dungeon
  3413 | D:5      | Found a staircase to the Ecumenical Temple.
  3476 | Temple   | Entered the Ecumenical Temple
  3762 | D:1      | Bought a pair of runed gloves for 202 gold pieces
  4073 | D:5      | Noticed a hornet
  4079 | D:5      | Killed a hornet
  4080 | D:5      | Reached skill level 5 in Shields
  4233 | D:5      | Noticed Menkaure
  4238 | D:5      | Killed Menkaure
  4239 | D:5      | Reached skill level 5 in Armour
  4239 | D:5      | Reached XP level 8. HP: 39/51 MP: 8/8
  5880 | D:6      | Found Kyissiux's Magic Scroll Boutique.
  5888 | D:6      | Reached skill level 5 in Maces & Flails
  6012 | D:6      | Bought a scroll of magic mapping for 49 gold pieces
  6133 | D:7      | Slain by a wight

Illustrated notes

Levels and vault maps discovered:
D:1:      dpeg_arrival_leaves_temple_mockup, layout_loops_ring,
          ebering_ecumenical_altar_abandoned, serial_shops,
          nicolae_shop_overgrown_old_shop
D:2:      layout_rooms, minmay_misc_feat_room, minmay_pentomino_t4
D:3:      layout_loops_cross, roderic_batcave
D:4:      layout_basic, kennysheep_mini_moat, gammafunk_ghost_split,
          st_stairs_7, chequers_serial_rivers_large_a, nrook_mini_backslash,
          uniq_eustachio, uniq_crazy_yiuf_cottage
D:5:      layout_loops_ring, minmay_temple_entry_sparse_star,
          nrook_pool_corridor, minmay_misc_feat_nine_boxes,
          kennysheep_big_empty_room, hangedman_decor_growths, uniq_menkaure
D:6:      layout_gridville, serial_shops, nicolae_inconvenience_store,
          hangedman_glass_teeth, nicolae_benzene_ring, serial_bayou_lake_a
D:7:      layout_gridville
Temple:   minmay_crystal_snake_temple

Skill      XL: |  1  2  3  4  5  6  7  8 |
---------------+-------------------------+-----
Fighting       | 4 5 6 |  6.7
Axes           | 1 2 |  2.8
Maces & Flails | 3 4 5 |  5.1
Shields        | 4 5 6 |  6.0
Dodging        | 1 2 |  2.7
Armour         | 4 5 6 |  6.0

Action                   |  1- 3 |  4- 6 |  7- 9 || total
-------------------------+-------+-------+-------++-------
Melee: Flail             |    70 |       |       ||    70
       Hand axe          |    61 |    94 |     7 ||   162
       Mace              |       |       |    95 ||    95
Throw: Dart              |       |     2 |       ||     2
Invok: Fiery Armour      |       |     2 |     3 ||     5
       Foxfire Swarm     |       |       |     2 ||     2
  Use: Scroll            |     1 |       |       ||     1
Armor: Scale mail        |    83 |    40 |    59 ||   182
Dodge: Dodged            |    60 |    51 |    66 ||   177
Block: Buckler           |    15 |    21 |    25 ||    61
